Map: Dusk Towers

Players

llllllllllll (Maru) - Winner!

  • Race: Terran Terran
  • League: Grandmaster

State

  • Race: Protoss Protoss
  • League: Grandmaster

VOD

Have the link to the VOD?

Description

Time

  • Played on: Dec. 28, 2015, 11:18 p.m.
  • Length: 4:47
Show
View Real Time Build Order
Export as new Build Order

llllllllllll Terran - Winner!

Build Orders: 1/1/1, Liberator Opening 

Get SALT Encoding   

  12  0:00  SCV  
  13  0:12  SCV  
  14  0:17  Supply Depot  
  14  0:25  SCV  
  15  0:39  SCV  
  15  0:41  Barracks  
  16  0:44  Refinery  
  16  0:51  SCV  
  16  0:54  Refinery  
  17  1:03  SCV  
  18  1:15  SCV  
  19  1:27  Marine  
  19  1:28  Orbital Command  
  20  1:34  Factory  
  20  1:46  Barracks Reactor  
  20  1:48  Supply Depot  
  20  1:54  SCV  
  21  2:06  SCV  
  22  2:18  Widow Mine  
  22  2:19  Starport  
  22  2:22  Marine x2  
  25  2:25  SCV  
  25  2:27  Supply Depot  
  27  2:37  SCV  
  27  2:40  Marine x2  
  30  2:47  Widow Mine  
  30  2:49  SCV  
  32  2:56  Medivac  
  32  2:57  Supply Depot  
  34  3:01  SCV, Marine  
  34  3:02  Marine  
  37  3:13  SCV, Liberator  
  38  3:25  SCV  
  44  3:36  Supply Depot  
  44  3:37  SCV  
  43  3:47  Command Center  
  43  3:49  SCV  
  43  3:52  Factory Tech Lab, Marine  
  43  3:54  Marine  
  46  4:02  SCV  
  47  4:10  Marine  
  51  4:19  Supply Depot  
  51  4:21  SCV  
  52  4:28  Marine  
  52  4:29  Marine  
Show
View Real Time Build Order
Export as new Build Order

State Protoss 

Build Orders: 1 Gate Expand, Dark Templar Rush 

Get SALT Encoding   

  12  0:01  Probe (Chrono Boost)  
  13  0:11  Probe (Chrono Boost)  
  14  0:17  Pylon  
  14  0:22  Probe (Chrono Boost)  
  16  0:36  Probe (Chrono Boost)  
  16  0:37  Gateway  
  16  0:43  Assimilator  
  16  0:46  Probe (Chrono Boost)  
  17  0:57  Probe (Chrono Boost)  
  18  1:07  Probe (Chrono Boost)  
  19  1:17  Nexus  
  19  1:21  Probe (Chrono Boost)  
  20  1:30  Cybernetics Core  
  20  1:33  Probe (Chrono Boost)  
  20  1:38  Assimilator  
  21  1:44  Probe (Chrono Boost)  
  22  1:48  Pylon  
  22  1:54  Probe (Chrono Boost)  
  23  2:07  Mothership Core (Chrono Boost)  
  23  2:08  Adept  
  27  2:15  Warp Gate  
  27  2:25  Probe (Chrono Boost)  
  27  2:29  Probe (Chrono Boost)  
  29  2:33  Robotics Facility  
  29  2:36  Probe (Chrono Boost)  
  30  2:40  Probe (Chrono Boost)  
  31  2:47  Probe (Chrono Boost)  
  31  2:50  Probe (Chrono Boost)  
  33  2:57  Probe (Chrono Boost)  
  34  2:59  Twilight Council  
  34  3:01  Probe (Chrono Boost)  
  35  3:08  Probe (Chrono Boost)  
  35  3:11  Probe (Chrono Boost)  
  37  3:18  Probe (Chrono Boost)  
  38  3:21  Probe (Chrono Boost)  
  39  3:27  Warp Prism (Chrono Boost)  
  39  3:29  Probe  
  39  3:33  Gateway  
  39  3:34  Probe, Gateway  
  42  3:36  Gateway  
  42  3:41  Dark Shrine  
  43  3:42  Probe  
  43  3:46  Pylon  
  44  3:52  Pylon  
  44  3:54  Probe x2  
  46  4:05  Observer (Chrono Boost)  
  46  4:07  Pylon  
  44  4:10  Probe  
  44  4:12  Probe  
  46  4:28  Adept x3  
  51  4:33  Probe  
  51  4:34  Probe  
Tags
 
Add a new tag
Caveats
  • Supply blocks, unpowered buildings, or Contaminate may cause inaccurate times.
  • Supply counts are checked every 10 seconds.